 Dungeon Crawl Stone Soup version 0.31-a0-354-g827e0957a7 (webtiles) character file.

Game seed: 9300731557585564625

178 zazu2006 the Spear-Bearer (level 5, -1/37 HPs)
             Began as a Gnoll Wanderer on July 23, 2023.
             Slain by an ogre
             ... wielding a +0 giant club
              (34 damage)
             ... on level 4 of the Dungeon.
             The game lasted 00:04:32 (2946 turns).

zazu2006 the Spear-Bearer (Gnoll Wanderer)          Turns: 2946, Time: 00:04:33

Health: -1/37      AC:  3    Str: 11    XL:     5   Next: 58%
Magic:  7/7        EV: 11    Int: 11    God:
Gold:   232        SH:  5    Dex: 14    Spells: 7/7 levels left

rFire   . . .        a - +2 spear
rCold   . . .        c - +0 buckler
rNeg    . . .        e - +0 leather armour
rPois   .            (no helmet)
rElec   .            (no cloak)
rCorr   .            (no gloves)
SInv    .            (no boots)
Will    .....        (no amulet)
Stlth   ++           (no ring)
HPRegen 0.26/turn    (no ring)
MPRegen 0.10/turn

%: no passive effects
@: no status effects
A: fangs 1, strong nose, distributed training
a: no special abilities


You were on level 4 of the Dungeon.
You visited 1 branch of the dungeon, and saw 4 of its levels.

You collected 232 gold pieces.

Inventory:

Hand Weapons
 a - a +2 spear (weapon)
 b - a +0 short sword
 p - the +4 whip of Intuition {freeze, rC- rN+ Dex+4}
   (You found it on level 3 of the Dungeon)

   Dex:       It affects your dexterity (+4).
   rC:        It makes you vulnerable to cold.
   rN:        It protects you from negative energy.
Missiles
 u - a poisoned dart (quivered)
Armour
 c - a +0 buckler (worn)
 e - a +0 leather armour (worn)
Jewellery
 r - a ring of resist corrosion
Scrolls
 g - a scroll of enchant armour {unknown}
 h - 3 scrolls of immolation {unknown}
 i - 2 scrolls of blinking {unknown}
 j - 3 scrolls of identify {unknown}
 l - 2 scrolls of vulnerability {unknown}
 m - a scroll of butterflies {unknown}
 n - a scroll of noise {unknown}
 o - a scroll of fear {unknown}
 q - a scroll of torment {unknown}
 t - a scroll of enchant weapon {unknown}
Potions
 d - a potion of berserk rage
 f - a potion of lignification {unknown}
 k - 3 potions of curing {unknown}
 s - 2 potions of heal wounds {unknown}


   Skills:
 + Level 1.6 Fighting
 + Level 4.8 Short Blades
 + Level 1.6 Long Blades
 + Level 1.6 Axes
 + Level 1.6 Maces & Flails
 + Level 8.6 Polearms
 + Level 1.6 Staves
 + Level 1.6 Ranged Weapons
 + Level 1.6 Throwing
 + Level 3.0 Armour
 + Level 1.6 Dodging
 + Level 1.6 Stealth
 + Level 4.8 Shields
 + Level 1.6 Unarmed Combat
 + Level 1.6 Spellcasting
 + Level 1.2 Conjurations
 + Level 1.2 Hexes
 + Level 1.2 Summonings
 + Level 1.2 Necromancy
 + Level 1.2 Translocations
 + Level 1.2 Transmutations
 + Level 1.2 Fire Magic
 + Level 1.2 Ice Magic
 + Level 1.2 Air Magic
 + Level 1.2 Earth Magic
 + Level 1.2 Poison Magic
 + Level 3.1 Invocations
 + Level 1.6 Evocations
 + Level 1.2 Shapeshifting


You had 7 spell levels left.
You didn't know any spells.
Your spell library contained the following spells:

 Spells                   Type           Power      Damage    Failure   Level
 Frozen Ramparts          Ice            6%         1d1       67%         3
 Animate Armour           Summ/Erth      6%         N/A       97%         4
 Petrify                  Tmut/Erth      3%         N/A       97%         4
 Summon Lightning Spire   Summ/Air       3%         N/A       97%         4
 Lee's Rapid Deconstruct  Erth           1%         3d4*      100%        5
 Metabolic Englaciation   Hex/Ice        1%         N/A       100%        5


Dungeon Overview and Level Annotations

Branches:
Dungeon (4/15)
 Temple: D:4-7

Altars:
Trog


Innate Abilities, Weirdness & Mutations

You have very sharp teeth.
Your uncanny sense of smell can sniff out nearby items.
Your experience applies equally to all skills.


Message History

You kill the worm!
u - 4 poisoned darts (gained 1)
Okay, then.
An ogre comes into view. It is wielding a +0 giant club.
An ogre is nearby!
Throw: 4 darts (poison)
Press: ? - help, Q - select action Shift-Dir - straight line, f - ogre
Aim: an ogre, wielding a +0 giant club (wandering, hasn't noticed you, 71% to hit)
You throw a poisoned dart.
The poisoned dart barely misses the ogre.
The ogre shouts!
Throw: 3 darts (poison)
Press: ? - help, Q - select action Shift-Dir - straight line, f/p - ogre
Aim: an ogre, wielding a +0 giant club (71% to hit)
You throw a poisoned dart.
The poisoned dart barely misses the ogre.
Things that are here:
a +0 dagger; a ball python corpse; a howler monkey corpse Throw: 2 darts (poison)
Press: ? - help, Q - select action Shift-Dir - straight line, f/p - ogre
Aim: an ogre, wielding a +0 giant club (71% to hit)
You throw a poisoned dart. The poisoned dart hits the ogre.
You hit the ogre.
The ogre is lightly wounded.
A dart slug comes into view.
The ogre closely misses you.
You hit the ogre.
The ogre is moderately wounded.
You barely miss the ogre. You bite the ogre, but do no damage.
The ogre is moderately wounded.
You hit the ogre.
The ogre is heavily wounded.
The ogre barely misses you.
You hit the ogre.
The ogre is severely wounded.
You barely miss the ogre.
The ogre is severely wounded.
The ogre hits you with a +0 giant club!!
Ouch! That really hurt!
You die...

###.....##.##
#<#.....# ...
#.##....#
.###
#.##...w# #
#.##....#
#.###'#)# #.#
#.#(# #.#
#.#O# #.#
#.#@# #.#
#.#.# #.#
#.#.+ #.#
#.#.#∆ ∆ #.#
#.#.# #.#
#.#.#
#.###.#.#
#.....#..
#.#####


You could see an ogre and a dart slug.

Vanquished Creatures
  A howler monkey (D:4)
  Natasha (twice) (D:3)
  2 adders (D:3)
  A worm (D:4)
  A dart slug (D:1)
  2 orcs (D:3)
  5 ball pythons
  2 bats
  2 endoplasms
  4 giant cockroaches
  6 goblins
  11 hobgoblins
  4 jackals (D:1)
  3 quokkas
  6 frilled lizards
  4 kobolds
  7 rats
63 creatures vanquished.

Notes
Turn   | Place    | Note
-------+----------+-------------------------------------------
     0 | D:1      | zazu2006 the Gnoll Wanderer began the quest for the Orb.
     0 | D:1      | zazu2006 set off with the following items: a +2 spear, a +0
                  | short sword, a +0 buckler, a potion of berserk rage, a +0
                  | leather armour.
     0 | D:1      | Reached XP level 1. HP: 13/13 MP: 2/2
   167 | D:1      | Reached XP level 2. HP: 19/19 MP: 3/3
   551 | D:1      | Reached XP level 3. HP: 25/25 MP: 4/4
   701 | D:1      | Found a faded altar of an unknown god.
  1439 | D:2      | Reached skill level 1 in Fighting
  1439 | D:2      | Reached skill level 1 in Long Blades
  1439 | D:2      | Reached skill level 1 in Axes
  1439 | D:2      | Reached skill level 1 in Maces & Flails
  1439 | D:2      | Reached skill level 1 in Staves
  1439 | D:2      | Reached skill level 1 in Ranged Weapons
  1439 | D:2      | Reached skill level 1 in Throwing
  1439 | D:2      | Reached skill level 1 in Dodging
  1439 | D:2      | Reached skill level 1 in Stealth
  1439 | D:2      | Reached skill level 1 in Unarmed Combat
  1439 | D:2      | Reached skill level 1 in Spellcasting
  1439 | D:2      | Reached skill level 1 in Evocations
  1838 | D:3      | Reached XP level 4. HP: 27/32 MP: 6/6
  1924 | D:3      | Identified the +4 whip of Intuition {freeze, rC- rN+ Dex+4}
  2082 | D:3      | Noticed Natasha
  2088 | D:3      | Killed Natasha
  2089 | D:3      | Reached skill level 1 in Conjurations
  2089 | D:3      | Reached skill level 1 in Hexes
  2089 | D:3      | Reached skill level 1 in Summonings
  2089 | D:3      | Reached skill level 1 in Necromancy
  2089 | D:3      | Reached skill level 1 in Translocations
  2089 | D:3      | Reached skill level 1 in Transmutations
  2089 | D:3      | Reached skill level 1 in Fire Magic
  2089 | D:3      | Reached skill level 1 in Ice Magic
  2089 | D:3      | Reached skill level 1 in Air Magic
  2089 | D:3      | Reached skill level 1 in Earth Magic
  2089 | D:3      | Reached skill level 1 in Poison Magic
  2089 | D:3      | Reached skill level 1 in Shapeshifting
  2101 | D:3      | Found a bloodstained altar of Trog.
  2615 | D:3      | Noticed Natasha
  2623 | D:3      | Killed Natasha
  2624 | D:3      | Reached XP level 5. HP: 21/37 MP: 7/7
  2931 | D:4      | Noticed an ogre
  2946 | D:4      | Slain by an ogre

Illustrated notes

Levels and vault maps discovered:
D:1:      psy_arrival_spokes, layout_loops_corners,
          chequers_ecumenical_altar_twisty, dreamdust_princess_bridge
D:2:      cheibrodos_greedy_goblins, layout_loops_ring
D:3:      layout_basic, trog_butcher_becter, corexii_corridor_pit, uniq_natasha
D:4:      nicolae_cairo_tiling_very_big, layout_basic, pf_just_have_faith,
          grunt_gozag_statues, temple_hall

Skill      XL: |  1  2  3  4  5 |
---------------+----------------+-----
Fighting       | 1 |  1.6
Long Blades    | 1 |  1.6
Axes           | 1 |  1.6
Maces & Flails | 1 |  1.6
Staves         | 1 |  1.6
Ranged Weapons | 1 |  1.6
Throwing       | 1 |  1.6
Dodging        | 1 |  1.6
Stealth        | 1 |  1.6
Unarmed Combat | 1 |  1.6
Spellcasting   | 1 |  1.6
Evocations     | 1 |  1.6
Conjurations   | 1 |  1.2
Hexes          | 1 |  1.2
Summonings     | 1 |  1.2
Necromancy     | 1 |  1.2
Translocations | 1 |  1.2
Transmutations | 1 |  1.2
Fire Magic     | 1 |  1.2
Ice Magic      | 1 |  1.2
Air Magic      | 1 |  1.2
Earth Magic    | 1 |  1.2
Poison Magic   | 1 |  1.2
Shapeshifting  | 1 |  1.2
Invocations    | 3 |  3.1
Armour         | 3 |  3.0
Short Blades   | |  4.8
Polearms       | |  8.6
Shields        | |  4.8

Action                     |  1- 3 |  4- 6 || total
---------------------------+-------+-------++-------
  Melee: Spear             |   139 |    85 ||   224
         Bite              |     8 |     5 ||    13
  Throw: Dart              |       |     4 ||     4
   Stab: Sleeping          |     4 |     2 ||     6
 Armour: Leather armour    |    21 |     3 ||    24
  Dodge: Dodged            |    42 |    21 ||    63
  Block: Buckler           |    25 |     8 ||    33

Table legend: (Time is in decaauts)
 A = Elapsed time spent in this place.
 B = Non-inter-level travel time spent in this place.
 C = Inter-level travel time spent in this place.
 D = Time resting spent in this place.
 E = Time spent auto-exploring this place.
 F = Levels seen in this place.
 G = Mean time per level.
                   A        B        C        D        E       F      G
               +--------+--------+--------+--------+--------+-----+--------+
         Total |   2882 |   2725 |    157 |      0 |   2275 |   4 |  720.5 |
       Dungeon |   2882 |   2725 |    157 |      0 |   2275 |   4 |  720.5 |
               +--------+--------+--------+--------+--------+-----+--------+

Top non-repeatable levels by time:
     D:3: 1064 daAuts
     D:1: 960 daAuts
     D:2: 754 daAuts
     D:4: 102 daAuts
